 Dungeon Crawl Stone Soup version 0.29-a0-219-g0a02b1cf4f (webtiles) character file.

Game seed: 9030188526296430556

93 shoop the Shooter (level 4, -9/25 HPs)
             Began as a Deep Elf Arcane Marksman on Feb 26, 2022.
             Killed from afar by an orc (15 damage)
             ... with an iceblast
             ... on level 3 of the Dungeon.
             The game lasted 00:02:54 (2486 turns).

shoop the Shooter (Deep Elf Arcane Marksman)        Turns: 2486, Time: 00:02:55

Health: -9/25      AC:  4    Str:  7    XL:     4   Next: 37%
Magic:  8/8        EV: 13    Int: 20    God:
Gold:   143        SH:  0    Dex: 21    Spells: 5/6 levels left

rFire   . . .      SeeInvis .   a - +0 shortbow
rCold   . . .      Faith    .   (shield currently unavailable)
rNeg    . . .      Spirit   .   b - +0 robe
rPois   .          Reflect  .   r - +0 helmet
rElec   .          Harm     .   (no cloak)
rCorr   .          Rampage  .   j - +0 pair of gloves
Will    .....                   (no boots)
Stlth   +++.......              (no amulet)
HPRegen 0.08/turn               q - +6 ring of dexterity
MPRegen 0.11/turn               (no ring)

@: no status effects
A: no striking features
a: no special abilities


You were on level 3 of the Dungeon.
You visited 1 branch of the dungeon, and saw 3 of its levels.

You collected 143 gold pieces.

Inventory:

Hand Weapons
 a - a +0 shortbow (weapon)
Armour
 b - a +0 robe (worn)
 j - a +0 pair of gloves (worn)
 r - a +0 helmet (worn)
Jewellery
 q - a +6 ring of dexterity (left hand)
Scrolls
 d - a scroll of identify {unknown}
 e - a scroll of magic mapping {unknown}
 f - a scroll of fog {unknown}
 h - a scroll of immolation {unknown}
 n - a scroll of silence {unknown}
 o - a scroll of enchant weapon {unknown}
Potions
 c - 4 potions of heal wounds {unknown}
 g - a potion of haste {unknown}
 i - a potion of flight {unknown}
 k - a potion of degeneration {unknown}
 l - a potion of lignification {unknown}
 m - a potion of brilliance {unknown}
 p - a potion of curing {unknown}


   Skills:
 - Level 1.0 Fighting
 * Level 4.8 Bows
 - Level 3.0 Dodging
 - Level 3.0 Stealth
 - Level 1.5 Spellcasting
 - Level 4.0 Hexes


You had 5 spell levels left.
You knew the following spells:

 Your Spells              Type           Power      Damage    Failure   Level
a - Slow                  Hex            68%        N/A       3%          1

Your spell library contained the following spells:

 Spells                   Type           Power      Damage    Failure   Level
 Sting                    Tmut/Pois      4%         1d3       17%         1
 Inner Flame              Hex/Fire       9%         N/A       22%         3
 Portal Projectile        Hex/Tloc       18%        N/A       22%         3
 Poisonous Vapours        Pois/Air       2%         N/A       26%         2
 Cause Fear               Hex            8%         N/A       32%         4
 Olgreb's Toxic Radiance  Pois           1%         N/A       86%         4


Dungeon Overview and Level Annotations

Branches:
Dungeon (3/15)

Altars:
Ru
Vehumet
The Shining One

Shops:
D:2 :


Message History

There is a large open door here.
An orc wizard comes into view. It is wielding a +0 dagger of flaming.
You shoot an arrow.
The arrow closely misses the orc wizard.
The orc wizard shouts!
You hear a shout!
You shoot an arrow. The arrow hits the orc wizard.
The orc wizard is moderately wounded.
You shoot an arrow. The arrow hits the orc wizard.
The orc wizard is heavily wounded.
The orc wizard points at you and mumbles some strange words.
The puff of flame hits you!
You shoot an arrow.
The arrow closely misses the orc wizard.
You shoot an arrow.
The arrow closely misses the orc wizard.
An orc comes into view. It is wielding a +0 mace.
You shoot an arrow.
The arrow completely misses the orc wizard.
The orc shouts!
You hear a shout!
An orc comes into view.
It is wielding a +0 club, quivering poisoned darts and carrying a wand of iceblast (4).
The orc wizard completely misses you.
You shoot an arrow. The arrow hits the orc wizard.
The orc wizard is almost dead.
The orc wizard hits you with a +0 dagger of flaming.
The orc wizard burns you.
You shoot an arrow.
The arrow hits the orc wizard but does no damage.
The orc wizard is almost dead.
The orc wizard casts a spell at you. The puff of flame hits you!
* * * LOW HITPOINT WARNING * * *
You are too injured to fight recklessly!
Shoot: a) +0 shortbow
Press: ? - help, Shift-Dir - straight line, f/p - orc wizard
Aim: an orc wizard, wielding a +0 dagger of flaming and wearing a +0 robe (almost dead, 58% to hit)
You shoot an arrow. The arrow hits the orc wizard.
You kill the orc wizard!
The orc zaps a wand.
The mass of ice explodes!
The iceblast engulfs you!
Ouch! That really hurt!
You die...

#.....#.......#
##........#####
##........#
#.........#######
##................
#.......#.........
#.................
#.......#.........
####...'@...o.....
#...##.)o......
#...##.........
######._8_..##.
#......# #......#
###.#### .. ###


You could see 2 orcs.

Vanquished Creatures
  An orc wizard (D:3)
  2 adders
  2 worms (D:2)
  2 ball pythons
  2 bats (D:2)
  3 endoplasms
  4 giant cockroaches
  A goblin (D:3)
  10 hobgoblins
  2 jackals (D:2)
  2 quokkas
  4 frilled lizards
  4 kobolds
  2 rats
41 creatures vanquished.

Notes
Turn   | Place    | Note
-------+----------+-------------------------------------------
     0 | D:1      | shoop the Deep Elf Arcane Marksman began the quest for the
                  | Orb.
     0 | D:1      | Reached XP level 1. HP: 11/11 MP: 5/5
    69 | D:1      | Reached skill level 1 in Stealth
   379 | D:1      | Reached XP level 2. HP: 16/16 MP: 6/6
   990 | D:2      | Found Plog's Book Shoppe.
  1480 | D:2      | Found a faded altar of an unknown god.
  1516 | D:2      | Reached skill level 1 in Fighting
  1516 | D:2      | Reached XP level 3. HP: 20/20 MP: 7/7
  2306 | D:3      | Found a radiant altar of Vehumet.
  2409 | D:3      | Reached XP level 4. HP: 23/25 MP: 8/8
  2468 | D:3      | Found a sacrificial altar of Ru.
  2468 | D:3      | Found a glowing golden altar of the Shining One.
  2486 | D:3      | Killed from afar by an orc

Illustrated notes

Levels and vault maps discovered:
D:1:      psy_arrival_statuary, layout_basic, minmay_crystal_room
D:2:      layout_basic, serial_shops, shop,
          shapermc_ecumenical_altar_mp_vishouse, minmay_pentomino_q4
D:3:      layout_basic, lemuel_crystal_altar,
          chequers_temple_overflow_statue_of_worship, minmay_misc_feat_pillars,
          lemuel_old_faithful, uniq_jessica

Skill      XL: |  1  2  3 |
---------------+----------+-----
Stealth        | 2 3 |  3.0
Bows           | 3 4 |  4.8
Fighting       | 1 |  1.0
Dodging        | 3 |  3.0
Spellcasting   | |  1.5
Hexes          | |  4.0

Action                   |  1- 3 |  4- 6 || total
-------------------------+-------+-------++-------
 Fire: Shortbow          |   109 |    10 ||   119
 Cast: Slow              |     4 |       ||     4
Armor: Robe              |     2 |       ||     2
Dodge: Dodged            |    18 |     1 ||    19

Table legend: (Time is in decaauts)
 A = Elapsed time spent in this place.
 B = Non-inter-level travel time spent in this place.
 C = Inter-level travel time spent in this place.
 D = Time resting spent in this place.
 E = Time spent auto-exploring this place.
 F = Levels seen in this place.
 G = Mean time per level.
                   A        B        C        D        E       F      G
               +--------+--------+--------+--------+--------+-----+--------+
         Total |   2526 |   2476 |     50 |     51 |   2107 |   3 |  842.0 |
       Dungeon |   2526 |   2476 |     50 |     51 |   2107 |   3 |  842.0 |
               +--------+--------+--------+--------+--------+-----+--------+

Top non-repeatable levels by time:
     D:2: 1418 daAuts
     D:1: 876 daAuts
     D:3: 230 daAuts
